 Dungeon Crawl Stone Soup version 0.30.0-20-g3615ddf2f0 (webtiles) character file.

Game seed: 7235128378614797685

247 qw the Chopper (level 6, -5/37 HPs)
             Began as a Gargoyle Fighter on May 27, 2023.
             Slain by Edmund
             ... wielding a +2 dire flail of pain
              (9 damage)
             ... on level 4 of the Dungeon.
             The game lasted 00:01:25 (3296 turns).

qw the Chopper (Gargoyle Fighter)                   Turns: 3296, Time: 00:01:26

Health: -5/37      AC: 12    Str: 21    XL:     6   Next: 11%
Magic:  6/6        EV: 10    Int:  9    God:
Gold:   109        SH:  4    Dex:  9    Spells: 5/5 levels left

rFire   + . .        Y - +0 war axe
rCold   . . .        c - +0 buckler
rNeg    + . .        j - +2 ring mail {rF+}
rPois   inf          (no helmet)
rElec   +            (no cloak)
rCorr   +            (no gloves)
SInv    .            (no boots)
Will    .....        (no amulet) Stlth
                     h - ring of resist corrosion
HPRegen 0.26/turn    (no ring)
MPRegen 0.10/turn

%: no passive effects
@: about to teleport
A: sickness immunity, AC +4, negative energy resistance 1, electricity
resistance, torment resistance 1, petrification resistance
a: no special abilities


You were on level 4 of the Dungeon.
You visited 1 branch of the dungeon, and saw 4 of its levels.

You collected 109 gold pieces.


Innate Abilities, Weirdness & Mutations

You are immune to sickness and miasma.
Your stone body is resilient. (AC +4)
You are immune to poison.
You resist negative energy. (rN+)
You are resistant to electric shocks. (rElec)
You are resistant to unholy torment.
You are immune to petrification.


   Skills:
 + Level 3.5 Fighting
 - Level 5.1 Axes
 - Level 1.0 Throwing
 - Level 3.2 Armour
 - Level 1.0 Dodging
 - Level 3.2 Shields


You had 5 spell levels left.
You didn't know any spells.
Your spell library was empty.

Inventory:

Hand Weapons
 o - a +0 flail
 Y - a +0 war axe (weapon)
Armour
 c - a +0 buckler (worn)
 j - a +2 ring mail of fire resistance (worn)
Jewellery
 h - a ring of resist corrosion (left hand)
Scrolls
 b - 2 scrolls of identify
Potions
 d - a potion of might
 e - a potion of cancellation {unknown}
 f - a potion of heal wounds {unknown}
 g - a potion of haste {unknown}
 l - a potion of mutation {unknown}
 n - 2 potions of curing

Dungeon Overview and Level Annotations

Branches:
Dungeon (4/15)
 Temple: D:4-7

Altars:
Elyvilon

Annotations:
D:4 Edmund


Message History

You kill the dart slug!
You closely miss Edmund. Edmund closely misses you.
An ufetubus comes into view.
The orc hits you but does no damage.
Edmund hits you with a +2 dire flail of pain!
You hit Edmund but do no damage. You slash the orc!
You kill the orc!
You slash the orc!
You kill the orc!
You slash the sleepcap!
Edmund hits you with a +2 dire flail of pain!
The sleepcap releases spores at you but does no damage.
You slash the sleepcap!
The sleepcap is severely damaged.
You barely miss the orc. You hit Edmund.
A dart slug comes into view.
The orc barely misses you. Edmund barely misses you.
The sleepcap releases spores at you.
You hit the sleepcap.
The sleepcap is severely damaged.
You closely miss the hobgoblin. You hit the orc. You hit Edmund.
The hobgoblin closely misses you. The orc hits you but does no damage.
The sleepcap releases spores at you. Edmund closely misses you.
3295 ||| READING scroll of teleportation.
As you read the scroll of teleportation, it crumbles to dust.
You feel strangely unstable.
The hobgoblin hits you but does no damage.
You block the orc's attack.
Edmund hits you with a +2 dire flail of pain.
The sleepcap releases spores at you but does no damage.
You hit the sleepcap but do no damage.
The sleepcap is severely damaged.
You slash the hobgoblin!
You kill the hobgoblin!
You barely miss the orc. You closely miss Edmund.
The sleepcap releases spores at you but does no damage.
The orc hits you with a +0 short sword.
Edmund hits you with a +2 dire flail of pain!
You die...

...######..
#..........
#.......w..
#(........#
###+#......../#
#.......l.?...#
#.....5f@.....#
#.....o@#
#....##)## #..
#..# ####### #
##.## #.....#
#..# #.....##
##.###......##
#..##.......####
##.##.......#...
#.##.......#...


You could see Edmund, a sleepcap, an iguana, a dart slug, an orc and an
ufetubus.

Vanquished Creatures
  An orc priest (D:4)
  A sleepcap (D:4)
  An orc wizard (D:4)
  3 gnolls (D:3)
  6 adders
  An ufetubus (D:3)
  A worm (D:3)
  2 dart slugs
  5 orcs (D:4)
  8 ball pythons
  7 bats
  6 endoplasms
  4 giant cockroaches
  3 goblins
  8 hobgoblins
  6 kobolds
  6 quokkas
  A frilled lizard (D:2)
  2 rats (D:1)
72 creatures vanquished.

Notes
Turn   | Place    | Note
-------+----------+-------------------------------------------
     0 | D:1      | qw the Gargoyle Fighter began the quest for the Orb.
     0 | D:1      | Reached XP level 1. HP: 14/14 MP: 1/1
     0 | D:1      | 0 ||| qw: Version: 0.2-a-99-gce666ed
     0 | D:1      | 0 ||| qw: Game counter: 128
     0 | D:1      | 0 ||| qw: Always use a shield: true
     0 | D:1      | 0 ||| qw: God list: Okawaru
     0 | D:1      | 0 ||| qw: Allow faded altars: false
     0 | D:1      | 0 ||| qw: Do Orc after D:15 true
     0 | D:1      | 0 ||| qw: Do second Lair branch before Depths: true
     0 | D:1      | 0 ||| qw: Lair rune preference: random
     0 | D:1      | 0 ||| qw: Plans: Normal, Zot:1-4, God:TSO, Crypt, Tomb,
                  | Pan, Slime:5, Hells, Abyss, Win
     0 | D:1      | 0 ||| PLANNING D:1-11
    66 | D:1      | Reached skill level 2 in Axes
   198 | D:1      | 198 ||| DROPPING +0 club.
   222 | D:1      | 222 ||| Stepping ~*~*~tactically~*~*~ (hiding).
   229 | D:1      | Reached XP level 2. HP: 19/19 MP: 2/2
   802 | D:1      | Reached skill level 3 in Axes
   924 | D:1      | 924 ||| UPGRADING to +2 ring mail of fire resistance.
   934 | D:1      | 934 ||| DROPPING +0 scale mail.
   935 | D:1      | 935 ||| READING scroll labelled TEDEOPTI EHUN.
   936 | D:1      | 936 ||| READING scroll labelled BETAHA CUMAF.
  1037 | D:1      | 1037 ||| DRINKING 2 smoky golden potions.
  1038 | D:1      | 1038 ||| DRINKING 2 dark potions.
  1143 | D:1      | 1143 ||| DROPPING potion of magic.
  1144 | D:1      | 1144 ||| DROPPING potion of berserk rage.
  1194 | D:2      | Reached XP level 3. HP: 23/23 MP: 3/3
  1420 | D:2      | 1420 ||| Stepping ~*~*~tactically~*~*~ (hiding).
  1633 | D:2      | Reached XP level 4. HP: 28/28 MP: 4/4
  1770 | D:2      | Reached skill level 4 in Axes
  1798 | D:2      | 1798 ||| Stepping ~*~*~tactically~*~*~ (stealth).
  1810 | D:2      | 1810 ||| Stepping ~*~*~tactically~*~*~ (hiding).
  1812 | D:2      | 1812 ||| Stepping ~*~*~tactically~*~*~ (hiding).
  1813 | D:2      | 1813 ||| Stepping ~*~*~tactically~*~*~ (hiding).
  2242 | D:2      | 2242 ||| DROPPING orb of energy.
  2243 | D:2      | 2243 ||| READING scroll labelled RESHRY PIAHER.
  2244 | D:2      | 2244 ||| READING scroll labelled VOAF AJUACEI.
  2247 | D:2      | 2247 ||| DRINKING 2 coppery potions.
  2248 | D:2      | 2248 ||| DRINKING 2 clear potions.
  2249 | D:2      | 2249 ||| DROPPING potion of flight.
  2280 | D:3      | Reached skill level 1 in Throwing
  2403 | D:3      | 2403 ||| Stepping ~*~*~tactically~*~*~ (stealth).
  2404 | D:3      | 2404 ||| Stepping ~*~*~tactically~*~*~ (stealth).
  2405 | D:3      | 2405 ||| Stepping ~*~*~tactically~*~*~ (stealth).
  2450 | D:3      | Reached XP level 5. HP: 28/32 MP: 5/5
  2531 | D:3      | 2531 ||| Stepping ~*~*~tactically~*~*~ (hiding).
  2638 | D:3      | Found a white marble altar of Elyvilon.
  2834 | D:3      | Found a faded altar of an unknown god.
  2858 | D:3      | 2858 ||| DROPPING +0 whip.
  2956 | D:3      | 2956 ||| Stepping ~*~*~tactically~*~*~ (stealth).
  3030 | D:3      | 3030 ||| DROPPING orb of energy.
  3031 | D:3      | 3031 ||| UPGRADING to ring of resist corrosion.
  3032 | D:3      | 3032 ||| READING scroll labelled COYF OMEOLO.
  3033 | D:3      | 3033 ||| READING scroll labelled OZOALO MOHOIME.
  3152 | D:4      | 3152 ||| Stepping ~*~*~tactically~*~*~ (hiding).
  3160 | D:4      | Reached skill level 5 in Axes
  3164 | D:4      | Reached skill level 1 in Dodging
  3164 | D:4      | Reached XP level 6. HP: 17/37 MP: 6/6
  3288 | D:4      | Noticed Edmund
  3294 | D:4      | HP: 9/37 [sleepcap (2)]
  3295 | D:4      | 3295 ||| READING scroll of teleportation.
  3296 | D:4      | HP: 4/37 [orc/+0 short sword (1)]
  3296 | D:4      | Slain by Edmund

Levels and vault maps discovered:
D:1:      dpeg_arrival_fog, layout_loops_corners, nicolae_eternal_life
D:2:      layout_loops_ring, eino_tiny_chamber, kennysheep_minor_cross
D:3:      layout_rooms, elyvilon_altar_5, chequers_ecumenical_altar_island,
          kennysheep_cross_bottleneck
D:4:      layout_basic, kennysheep_little_box, gammafunk_ghost_cemetery,
          uniq_edmund

Skill      XL: |  1  2  3  4  5 |
---------------+----------------+-----
Axes           | 2 3 4 5 |  5.1
Throwing       | 1 |  1.0
Dodging        | 1 |  1.0
Fighting       | |  3.5
Armour         | |  3.2
Shields        | |  3.2

Action                     |  1- 3 |  4- 6 || total
---------------------------+-------+-------++-------
  Melee: War axe           |   104 |   125 ||   229
  Throw: Javelin           |       |    14 ||    14
    Use: Scroll            |     2 |     5 ||     7
         Potion            |     2 |     2 ||     4
 Armour: Scale mail        |    23 |       ||    23
         Ring mail         |    38 |    77 ||   115
  Dodge: Dodged            |    61 |    80 ||   141
  Block: Buckler           |    16 |    20 ||    36

Table legend:
 A = Non-vault XP
 B = Vault XP
 C = Vault XP percentage of total XP
 D = Non-vault monster count
 E = Vault monster count
 F = Vault count percentage of total count
                 A         B        C        D         E       F
            +---------+---------+-------+---------+---------+-------
      Total |     355 |       0 |   0.0 |      72 |       0 |   0.0
            +---------+---------+-------+---------+---------+-------
        D:1 |      30 |       0 |   0.0 |      17 |       0 |   0.0
        D:2 |      91 |       0 |   0.0 |      21 |       0 |   0.0
        D:3 |      95 |       0 |   0.0 |      20 |       0 |   0.0
        D:4 |     139 |       0 |   0.0 |      14 |       0 |   0.0
            +---------+---------+-------+---------+---------+-------
